NCAA
OKLAHOMA STATE COWBOYS @ OKLAHOMA SOONERS
05/20/2026
 
TOP OF THE 1ST
Oklahoma State Cowboys batting - Pitching for Oklahoma Sooners : RHP Neil Adams
Pitching: RHP Neil Adams
Batting: LHB Bill Bryan 0-0: Called Strike
0-1: Ball
1-1: Ball
2-1: Ball
3-1: Called Strike
3-2: Base on Balls
Batting: RHB Ryan Williams 0-0: Ground out 6-3 (Groundball, 6S)
Bill Bryan to second
Batting: LHB Cristián Rodríguez 0-0: Foul Ball, location: 2F
0-1: Swinging Strike
0-2: Ball
1-2: Fly out, F8 (Flyball, 8RM)
Batting: RHB Augusto Padilla 0-0: Ball
1-0: Ball
2-0: Swinging Strike
2-1: 2-RUN HOME RUN (Flyball, 8LXD), Distance : 388 ft
Batting: LHB Horace Kramer 0-0: Called Strike
0-1: Foul Ball, location: 2F
0-2: Ball
1-2: Ball
2-2: Ball
3-2: Strikes out swinging
Top of the 1st over - 2 run(s), 1 hit(s), 0 error(s), 0 left on base; Oklahoma State 2 - Oklahoma 0
BOTTOM OF THE 1ST
Oklahoma Sooners batting - Pitching for Oklahoma State Cowboys : RHP Ron Owen
Pitching: RHP Ron Owen
Batting: SHB Ryan Holcomb 0-0: Ball
1-0: Ground out 6-3 (Groundball, 6M)
Batting: RHB José Ramos 0-0: Called Strike
0-1: Fly out, F9 (Flyball, 9M)
Batting: SHB César Álvarez 0-0: Called Strike
0-1: Called Strike
0-2: Foul Ball, location: 2F
0-2: Foul Ball, location: 2F
0-2: Ball
1-2: Ball
2-2: Foul Ball, location: 2F
2-2: Fly out, F2 (Popup, 2LF)
Bottom of the 1st over - 0 run(s), 0 hit(s), 0 error(s), 0 left on base; Oklahoma State 2 - Oklahoma 0
TOP OF THE 2ND
Oklahoma State Cowboys batting - Pitching for Oklahoma Sooners : RHP Neil Adams
Batting: RHB Joe Sulley 0-0: Called Strike
0-1: Ball
1-1: Foul Ball, location: 2F
1-2: Foul Ball, location: 2F
1-2: Ball
2-2: Ball
3-2: Base on Balls
Batting: SHB Cisco Oliva 0-0: Called Strike
0-1: Grounds into double play, 4-6-3 (Groundball, 4)
Batting: LHB Bryan Davis 0-0: Called Strike
0-1: Ground out 4-3 (Groundball, 4)
Top of the 2nd over - 0 run(s), 0 hit(s), 0 error(s), 0 left on base; Oklahoma State 2 - Oklahoma 0
BOTTOM OF THE 2ND
Oklahoma Sooners batting - Pitching for Oklahoma State Cowboys : RHP Ron Owen
Batting: RHB Sidney Boyd 0-0: Ball
1-0: Called Strike
1-1: Ball
2-1: Foul Ball, location: 2F
2-2: Ball
3-2: Base on Balls
Batting: RHB Rafael Barajas 0-0: Called Strike
0-1: Grounds into double play, U4-3 (Groundball, 4)
Batting: RHB Martín Rodríguez 0-0: Ball
1-0: Foul Ball, location: 2F
1-1: Ball
2-1: Foul Ball, location: 2F
2-2: Ball
3-2: Base on Balls
Batting: SHB Pat Odom 0-0: Called Strike
0-1: Foul Ball, location: 2F
0-2: Ball
1-2: Strikes out swinging
Bottom of the 2nd over - 0 run(s), 0 hit(s), 0 error(s), 1 left on base; Oklahoma State 2 - Oklahoma 0
TOP OF THE 3RD
Oklahoma State Cowboys batting - Pitching for Oklahoma Sooners : RHP Neil Adams
Batting: LHB César Colón 0-0: Ball
1-0: Fly out, F9 (Line Drive, 9M)
Batting: LHB Bill Bryan 0-0: Called Strike
0-1: Ball
1-1: SINGLE (Line Drive, 8LS)
Batting: RHB Ryan Williams 0-0: Swinging Strike
0-1: Called Strike
0-2: Fielders Choice at 2nd, 5-4 (Groundball, 56)
Batting: LHB Cristián Rodríguez 0-0: Ball
1-0: Called Strike
1-1: Called Strike
1-2: Ball
2-2: Ball
3-2: Fly out, F8 (Flyball, 8LXD)
Top of the 3rd over - 0 run(s), 1 hit(s), 0 error(s), 1 left on base; Oklahoma State 2 - Oklahoma 0
BOTTOM OF THE 3RD
Oklahoma Sooners batting - Pitching for Oklahoma State Cowboys : RHP Ron Owen
Batting: RHB Scott Williams 0-0: Ground out 1-3 (Groundball, 15)
Batting: LHB Tristan Sims 0-0: Ground out 4-3 (Groundball, 4)
Batting: SHB Ryan Holcomb 0-0: Called Strike
0-1: Fly out, F1 (Popup, 6S)
Bottom of the 3rd over - 0 run(s), 0 hit(s), 0 error(s), 0 left on base; Oklahoma State 2 - Oklahoma 0
TOP OF THE 4TH
Oklahoma State Cowboys batting - Pitching for Oklahoma Sooners : RHP Neil Adams
Batting: RHB Augusto Padilla 0-0: Ball
1-0: Ball
2-0: Swinging Strike
2-1: Ball
3-1: Foul Ball, location: 2F
3-2: Foul Ball, location: 2F
3-2: Ground out 6-3 (Groundball, 6)
Batting: LHB Horace Kramer 0-0: Ball
1-0: Foul Ball, location: 2F
1-1: Foul Ball, location: 2F
1-2: Ball
2-2: Strikes out looking
Batting: RHB Joe Sulley 0-0: Called Strike
0-1: Ball
1-1: Ball
2-1: Foul Ball, location: 2F
2-2: Strikes out swinging
Top of the 4th over - 0 run(s), 0 hit(s), 0 error(s), 0 left on base; Oklahoma State 2 - Oklahoma 0
BOTTOM OF THE 4TH
Oklahoma Sooners batting - Pitching for Oklahoma State Cowboys : RHP Ron Owen
Batting: RHB José Ramos 0-0: Swinging Strike
0-1: Ball
1-1: Ground out 1-3 (Groundball, 23)
Batting: SHB César Álvarez 0-0: Ball
1-0: Fly out, F1 (Popup, 13S)
Batting: RHB Sidney Boyd 0-0: Called Strike
0-1: SINGLE (Groundball, 56)
Batting: RHB Rafael Barajas 0-0: Ball
1-0: Ball
2-0: Fly out, F8 (Flyball, 8LS)
Bottom of the 4th over - 0 run(s), 1 hit(s), 0 error(s), 1 left on base; Oklahoma State 2 - Oklahoma 0
TOP OF THE 5TH
Oklahoma State Cowboys batting - Pitching for Oklahoma Sooners : RHP Neil Adams
Batting: SHB Cisco Oliva 0-0: Called Strike
0-1: Reached on error, E4 (Groundball, 13)
Batting: LHB Bryan Davis 0-0: Intentional Walk
Batting: LHB César Colón 0-0: Called Strike
0-1: Ball
1-1: Foul Ball, location: 2F
1-2: Ball
2-2: Ball
3-2: Strikes out swinging
Batting: LHB Bill Bryan 0-0: Foul Ball, location: 2F
0-1: Hit by Pitch
Cisco Oliva to third
Bryan Davis to second
Batting: RHB Ryan Williams 0-0: Ball
1-0: Ball
2-0: Ball
3-0: Base on Balls
Cisco Oliva scores
Bryan Davis to third
Bill Bryan to second
Pitching: RHP Edwin Cooper
Batting: LHB Cristián Rodríguez 0-0: Ball
1-0: Ball
2-0: Called Strike
2-1: Foul Ball, location: 2F
2-2: Strikes out looking
Batting: RHB Augusto Padilla 0-0: Foul Ball, location: 2F
0-1: Ball
1-1: Called Strike
1-2: Ball
2-2: Strikes out swinging
Top of the 5th over - 1 run(s), 0 hit(s), 1 error(s), 3 left on base; Oklahoma State 3 - Oklahoma 0
BOTTOM OF THE 5TH
Oklahoma Sooners batting - Pitching for Oklahoma State Cowboys : RHP Ron Owen
Batting: RHB Martín Rodríguez 0-0: Ball
1-0: Ball
2-0: Ground out U3 (Groundball, 3)
Batting: SHB Pat Odom 0-0: Foul Ball, location: 2F
0-1: Ball
1-1: Foul Ball, location: 2F
1-2: Ground out 4-3 (Groundball, 34)
Batting: RHB Scott Williams 0-0: Called Strike
0-1: Ball
1-1: Foul Ball, location: 2F
1-2: Strikes out swinging
Bottom of the 5th over - 0 run(s), 0 hit(s), 0 error(s), 0 left on base; Oklahoma State 3 - Oklahoma 0
TOP OF THE 6TH
Oklahoma State Cowboys batting - Pitching for Oklahoma Sooners : RHP Edwin Cooper
Batting: LHB Horace Kramer 0-0: Ball
1-0: Ball
2-0: Ball
3-0: Base on Balls
Batting: RHB Joe Sulley 0-0: SINGLE (Groundball, 23) (infield hit)
Horace Kramer to second
Batting: SHB Cisco Oliva 0-0: Called Strike
0-1: Reached on error, E4 (Groundball, 4)
Horace Kramer to third
Joe Sulley to second
Batting: LHB Bryan Davis 0-0: Called Strike
0-1: Swinging Strike
0-2: Ball
1-2: SINGLE (Line Drive, 9LS)
Horace Kramer scores
Joe Sulley to third
Cisco Oliva to second
Batting: LHB César Colón 0-0: Called Strike
0-1: Ball
1-1: Swinging Strike
1-2: Strikes out swinging
Batting: LHB Bill Bryan 0-0: Fly out, F7 (Flyball, 7S)
Runner from 3rd tags up, SCORES, throw made
Batting: RHB Ryan Williams 0-0: Called Strike
0-1: Ball
1-1: Ball
2-1: Foul Ball, location: 2F
2-2: Strikes out swinging
Top of the 6th over - 2 run(s), 2 hit(s), 1 error(s), 2 left on base; Oklahoma State 5 - Oklahoma 0
BOTTOM OF THE 6TH
Oklahoma Sooners batting - Pitching for Oklahoma State Cowboys : RHP Ron Owen
Batting: LHB Tristan Sims 0-0: Ball
1-0: Foul Ball, location: 2F
1-1: SINGLE (Groundball, 6MD)
Batting: SHB Ryan Holcomb 0-0: Ball
1-0: Called Strike
1-1: Swinging Strike
1-2: Fly out, F8 (Flyball, 8LM)
Batting: RHB José Ramos 0-0: Grounds into double play, 6-4-3 (Groundball, 6)
Bottom of the 6th over - 0 run(s), 1 hit(s), 0 error(s), 0 left on base; Oklahoma State 5 - Oklahoma 0
TOP OF THE 7TH
Oklahoma State Cowboys batting - Pitching for Oklahoma Sooners : RHP Edwin Cooper
Batting: LHB Cristián Rodríguez 0-0: Called Strike
0-1: Foul Ball, location: 2F
0-2: Foul Ball, location: 2F
0-2: Ball
1-2: Ball
2-2: Ball
3-2: Base on Balls
Batting: RHB Augusto Padilla 0-0: Ball
1-0: Ball
2-0: Called Strike
2-1: Ball
3-1: Base on Balls
Cristián Rodríguez to second
Batting: LHB Horace Kramer 0-0: Swinging Strike
0-1: Ball
1-1: Ball
2-1: Ball
3-1: Foul Ball, location: 2F
3-2: Strikes out looking
Pitching: RHP Dave Kelly
Batting: RHB Joe Sulley 0-0: Ball
1-0: Ground out 3-1 (Groundball, 34)
Cristián Rodríguez to third
Augusto Padilla to second
Batting: SHB Cisco Oliva 0-0: Ball
1-0: Called Strike
1-1: Foul Ball, location: 2F
1-2: Ball
2-2: Strikes out swinging
Top of the 7th over - 0 run(s), 0 hit(s), 0 error(s), 2 left on base; Oklahoma State 5 - Oklahoma 0
BOTTOM OF THE 7TH
Oklahoma Sooners batting - Pitching for Oklahoma State Cowboys : RHP Ron Owen
Batting: SHB César Álvarez 0-0: Called Strike
0-1: Ball
1-1: Swinging Strike
1-2: Ball
2-2: Ball
3-2: SINGLE (Groundball, 6MD)
Batting: RHB Sidney Boyd 0-0: Foul Ball, location: 2F
0-1: Ball
1-1: Swinging Strike
1-2: Ball
2-2: Strikes out looking
Batting: RHB Rafael Barajas 0-0: Foul Ball, location: 2F
0-1: Ball
1-1: Foul Ball, location: 2F
1-2: Ball
2-2: Foul Ball, location: 2F
2-2: Ball
3-2: Fly out, F4 (Line Drive, 4)
3-2: Lined into DP, 4-3 (Line Drive, 4)
Bottom of the 7th over - 0 run(s), 1 hit(s), 0 error(s), 0 left on base; Oklahoma State 5 - Oklahoma 0
TOP OF THE 8TH
Oklahoma State Cowboys batting - Pitching for Oklahoma Sooners : RHP Dave Kelly
Batting: LHB Bryan Davis 0-0: Ball
1-0: Ball
2-0: Foul Ball, location: 2F
2-1: Ball
3-1: Swinging Strike
3-2: Ground out 3-1 (Groundball, 34)
Batting: LHB César Colón 0-0: SINGLE (Groundball, 5L)
Batting: LHB Bill Bryan 0-0: Ball
1-0: Ball
César Colón steals 2nd base
2-0: Ground out 4-3 (Groundball, 4M)
César Colón to third
Batting: RHB Ryan Williams 0-0: SINGLE (Line Drive, 4M)
César Colón scores
Batting: LHB Cristián Rodríguez 0-0: Ball
1-0: Ball
2-0: Ground out 3-1 (Groundball, 34)
Top of the 8th over - 1 run(s), 2 hit(s), 0 error(s), 1 left on base; Oklahoma State 6 - Oklahoma 0
BOTTOM OF THE 8TH
Oklahoma Sooners batting - Pitching for Oklahoma State Cowboys : RHP Ron Owen
Pitching: RHP Kevin Godfrey
Batting: RHB Martín Rodríguez 0-0: Ball
1-0: Foul Ball, location: 2F
1-1: Foul Ball, location: 2F
1-2: Foul Ball, location: 2F
1-2: Strikes out looking
Batting: SHB Pat Odom 0-0: Foul Ball, location: 2F
0-1: Foul Ball, location: 2F
0-2: Strikes out swinging
Batting: RHB Scott Williams 0-0: Called Strike
0-1: Ball
1-1: Foul Ball, location: 2F
1-2: Ground out 5-3 (Groundball, 5L)
Bottom of the 8th over - 0 run(s), 0 hit(s), 0 error(s), 0 left on base; Oklahoma State 6 - Oklahoma 0
TOP OF THE 9TH
Oklahoma State Cowboys batting - Pitching for Oklahoma Sooners : RHP Dave Kelly
Batting: RHB Augusto Padilla 0-0: Called Strike
0-1: Fly out, F7 (Flyball, 8LM)
Batting: LHB Horace Kramer 0-0: Called Strike
0-1: Ball
1-1: Ball
2-1: Ball
3-1: Base on Balls
Pitching: LHP Miguel Medine
Batting: RHB Joe Sulley 0-0: Ball
1-0: 2-RUN HOME RUN (Flyball, 7D), Distance : 352 ft
Batting: SHB Cisco Oliva 0-0: SINGLE (Line Drive, 8LS)
Batting: LHB Bryan Davis 0-0: Ball
1-0: SINGLE (Line Drive, 4D)
Cisco Oliva to second
Batting: LHB César Colón 0-0: Ball
1-0: Called Strike
1-1: Swinging Strike
1-2: Strikes out swinging
Batting: LHB Bill Bryan 0-0: Foul Ball, location: 2F
0-1: Swinging Strike
0-2: Fly out, F8 (Flyball, 8LM)
Top of the 9th over - 2 run(s), 3 hit(s), 0 error(s), 2 left on base; Oklahoma State 8 - Oklahoma 0
BOTTOM OF THE 9TH
Oklahoma Sooners batting - Pitching for Oklahoma State Cowboys : RHP Kevin Godfrey
Batting: LHB Tristan Sims 0-0: Ball
1-0: Ball
2-0: Ball
3-0: Base on Balls
Batting: SHB Ryan Holcomb 0-0: Reached on error, E5 (Groundball, 56)
Tristan Sims to second
Batting: RHB José Ramos 0-0: Foul Ball, location: 2F
0-1: Ball
1-1: Foul Ball, location: 2F
1-2: Foul Ball, location: 2F
1-2: Foul Ball, location: 2F
1-2: Strikes out looking
Batting: SHB César Álvarez 0-0: Ball
Wild Pitch!
Tristan Sims to third
Ryan Holcomb to second
1-0: Ball
2-0: Foul Ball, location: 2F
2-1: Foul Ball, location: 2F
2-2: Strikes out swinging
Batting: RHB Sidney Boyd 0-0: Ball
1-0: Called Strike
1-1: Foul Ball, location: 2F
1-2: Strikes out looking
Bottom of the 9th over - 0 run(s), 0 hit(s), 1 error(s), 2 left on base; Oklahoma State 8 - Oklahoma 0
Monday, December 5th, 2016 - OOTP Baseball 17.12 Build 75